 Dungeon Crawl Stone Soup version 0.30-a0-1124-g6e8f0f562f (webtiles) character file.

Game seed: 12764725782574231318

16857 avis the Grappler (level 11, -6/92 HPs)
             Began as a Demigod Transmuter on Apr 23, 2023.
             Mangled by a yak (12 damage)
             ... on level 4 of the Lair of Beasts.
             The game lasted 01:54:15 (16076 turns).

avis the Grappler (Demigod Transmuter)             Turns: 16076, Time: 01:54:15

Health: -6/92      AC:  9    Str: 19    XL:     11   Next: 85%
Magic:  25/31      EV: 13    Int: 19    God:
Gold:   317        SH:  0    Dex: 14    Spells: 2/20 levels left

rFire   + +          .
                       - Unarmed
rCold   + . .        (shield currently unavailable)
rNeg    . . .        r - +1 swamp dragon scales
rPois   +            (no helmet)
rElec   .            i - scarf {rC+ rF+}
rCorr   .            A - melded +0 pair of gloves
SInv    .            D - +1 pair of boots
Will    +....        k - amulet of the acrobat
Stlth   +            j - ring of protection from fire
HPRegen 0.00/turn    I - ring of magical power
MPRegen 0.22/turn

%: acrobat
@: ice-armoured, blade hands, inhibited regen
A: high MP 1, forlorn, divine attributes, hooves 1, deformed body, inhibited
regeneration
a: End Transformation


You were on level 4 of the Lair of Beasts.
You had blades for hands.
You visited 3 branches of the dungeon, and saw 13 of its levels.

You collected 573 gold pieces.
You spent 256 gold pieces at shops.

Inventory:

Hand Weapons
 H - a +0 heavy sling
Missiles
 t - 7 poisoned darts
Armour
 i - a scarf of resistance (worn)
 m - a +1 pair of gloves
 n - a +0 buckler
 r - +1 swamp dragon scales (worn)
 s - a +2 leather armour of poison resistance
 A - a +0 pair of gloves (melded)
 D - a +1 pair of boots (worn)
Jewellery
 j - a ring of protection from fire (left blade hand)
 k - an amulet of the acrobat (around neck)
 I - a ring of magical power (right blade hand)
Wands
 a - a wand of digging (6)
 c - a wand of roots (11)
 q - a wand of flame (16)
 x - a wand of acid (12)
 G - a wand of charming (10)
Scrolls
 d - a scroll of blinking
 e - a scroll of noise {unknown}
 f - 4 scrolls of magic mapping
 g - a scroll of teleportation {unknown}
 h - 3 scrolls of fog
 o - a scroll of silence
 u - a scroll of summoning {unknown}
 w - a scroll of identify
 y - a scroll of torment
 z - 2 scrolls of poison {unknown}
 B - 2 scrolls of immolation {unknown}
 C - a scroll of enchant armour
 O - a scroll of fear {unknown}
 P - a scroll of amnesia {unknown}
Potions
 b - a potion of curing
 l - a potion of lignification
 p - 3 potions of flight
 v - 2 potions of brilliance {unknown}
 L - a potion of haste


   Skills:
 - Level 7.0 Fighting
 - Level 6.0 Dodging
 * Level 11.7 Unarmed Combat
 - Level 5.0 Spellcasting
 - Level 9.0 Transmutations
 - Level 5.0 Ice Magic
 - Level 1.0 Poison Magic


You had 2 spell levels left.
You knew the following spells:

 Your Spells              Type           Power      Damage    Failure   Level
a - Beastly Appendage     Tmut           76%        N/A       12%         1
e - Wereblood             Tmut           38%        N/A       14%         2
o - Ozocubu's Armour      Ice            23%        N/A       43%         3
p - Spider Form           Tmut/Pois      23%        N/A       43%         3
q - Ice Form              Ice/Tmut       31%        N/A       50%         4
B - Blade Hands           Tmut           19%        N/A       54%         5

Your spell library contained the following spells:

 Spells                   Type           Power      Damage    Failure   Level
 Sandblast                Erth           8%         2d5       65%         1
 Poisonous Vapours        Pois/Air       12%        N/A       69%         2
 Mephitic Cloud           Conj/Pois/Air  6%         N/A       87%         3
 Animate Armour           Summ/Erth      8%         N/A       99%         4
 Cause Fear               Hex            2%         N/A       99%         4
 Metabolic Englaciation   Hex/Ice        7%         N/A       99%         5
 Freezing Cloud           Conj/Ice/Air   5%         6-21      100%        5
 Iron Shot                Conj/Erth      2%         9d2       100%        6
 Simulacrum               Ice/Necr       7%         N/A       100%        6
 Dragon Form              Tmut           19%        N/A       100%        7
 Dragon's Call            Summ           2%         N/A       100%        9


Dungeon Overview and Level Annotations

Branches:
Dungeon (8/15)             Temple (1/1) D:5            Lair (4/5) D:8
  Swamp (0/4) Lair:3       Spider (0/4) Lair:2
  Slime: Lair:4-5

Shops:
D:8 *


Innate Abilities, Weirdness & Mutations

You have blades for hands.
Your spellcasting is less reliable in this form.
You are incapable of wielding weapons or throwing items.
You have an increased reservoir of magic. (+10% MP)
You shall have no god before yourself.
Your divine heritage dramatically boosts your attributes as you level up.
You have large cloven feet.
Armour fits poorly on your strangely shaped body.
You do not regenerate when monsters are visible.


Message History

The yak gores you but does no damage.
Casting: Ozocubu's Armour (dangerous; 9% risk of failure)
Confirm with . or Enter, or press ? or * to list all spells.
Your hands turn into razor-sharp scythe blades.
Your +0 pair of gloves melds into your body.
The yak barely misses you. The yak gores you!
You hit the yak.
The yak is lightly wounded.
You hit the yak.
The yak is lightly wounded.
The yak gores you! The yak gores you.
You shred the yak!!!
You kill the yak!
The yak gores you! x2
* * * LOW HITPOINT WARNING * * *
The yak closely misses you.
Okay, then.
You barely miss the yak. You slash the yak!
The yak is moderately wounded.
The yak closely misses you. The yak barely misses you. The yak gores you.
* * * LOW HITPOINT WARNING * * *
You slice the yak!!
You kill the yak!
The yak gores you!
* * * LOW HITPOINT WARNING * * *
The yak barely misses you.
You slice the polar bear!!
The polar bear is severely wounded.
You shred the polar bear!!!
You kill the polar bear!
The yak closely misses you. x2
You hit the yak.
The yak is lightly wounded.
The yak gores you.
* * * LOW HITPOINT WARNING * * *
The yak barely misses you.
You hit the yak.
The yak is lightly wounded.
The yak gores you!
You die...

...........#
##...# .......
#.#..## .......
##....# .......
##..## .......
####...#
......####..(...#
......#.....P#..#
#YY†...P.###..P#
##@.###### ..##
#P## .## ### ##


You could see 2 yaks.

Vanquished Creatures
  A hydra (Lair:2)
  2 two-headed ogres (D:8)
  A pharaoh ant (Lair:2)
  A bog body (Lair:3)
  Pikel (D:3)
  2 wolf spiders (Lair:4)
  A black mamba (Lair:1)
  3 cane toads
  2 komodo dragons
  Maggie (D:6)
  3 rime drakes
  2 polar bears (Lair:4)
  Prince Ribbit (D:6)
  A jumping spider (Lair:2)
  5 dream sheep (Lair:4)
  5 wyverns
  Sigmund (D:5)
  19 yaks
  2 basilisks
  A redback (Lair:2)
  2 steam dragons
  7 water moccasins
  A black bear (Lair:1)
  An orc warrior (D:7)
  A sky beast (D:8)
  2 ice beasts
  9 wolves
  3 phantoms
  2 centaurs (D:8)
  A lemure (D:4)
  13 bullfrogs
  10 wights
  A howler monkey (D:7)
  3 jellies
  Crazy Yiuf (D:5)
  3 hounds
  4 iguanas
  5 orc wizards (D:5)
  3 gnolls (D:5)
  3 adders
  2 white imps (D:5)
  3 ufetubi
  2 worms (D:2)
  3 dart slugs
  20 orcs
  7 ball pythons
  4 bats
  5 endoplasms
  5 giant cockroaches
  4 goblins
  8 hobgoblins
  6 jackals
  8 kobolds
  3 quokkas
  5 frilled lizards
  4 rats
219 creatures vanquished.

Vanquished Creatures (others)
  5 fungi
  5 plants
10 creatures vanquished.

Grand Total: 229 creatures vanquished

Notes
Turn   | Place    | Note
-------+----------+-------------------------------------------
     0 | D:1      | avis the Demigod Transmuter began the quest for the Orb.
     0 | D:1      | Reached XP level 1. HP: 15/15 MP: 5/5
    45 | D:1      | Reached skill level 1 in Fighting
    63 | D:1      | You fall into a shaft and drop 1 floor!
    99 | D:2      | Reached skill level 3 in Unarmed Combat
   136 | D:2      | Reached XP level 2. HP: 10/23 MP: 7/7
   228 | D:2      | Learned a level 2 spell: Wereblood
   303 | D:2      | Reached skill level 1 in Poison Magic
   467 | D:1      | Reached XP level 3. HP: 24/28 MP: 6/8
   486 | D:1      | Learned a level 3 spell: Spider Form
  2158 | D:4      | Noticed a phantom
  2172 | D:3      | Killed a phantom
  2173 | D:3      | Reached XP level 4. HP: 33/36 MP: 3/11
  2468 | D:4      | Noticed a lemure
  2468 | D:4      | Noticed a lemure
  2487 | D:4      | Reached XP level 5. HP: 41/41 MP: 8/12
  2722 | D:4      | Noticed Pikel
  2759 | D:3      | Killed Pikel
  2760 | D:3      | Reached skill level 4 in Unarmed Combat
  2760 | D:3      | Reached skill level 5 in Transmutations
  2760 | D:3      | Reached XP level 6. HP: 10/51 MP: 10/13
  2760 | D:3      | Reached XP level 7. HP: 11/57 MP: 11/15
  2921 | D:3      | Learned a level 4 spell: Ice Form
  3295 | D:5      | Entered Level 5 of the Dungeon
  3724 | D:5      | Found a runed translucent door.
  3725 | D:5      | Noticed Crazy Yiuf
  3735 | D:5      | Killed Crazy Yiuf
  3943 | D:5      | Found a staircase to the Ecumenical Temple.
  3960 | Temple   | Entered the Ecumenical Temple
  4125 | D:5      | Noticed Sigmund
  4169 | D:5      | Killed Sigmund
  4173 | D:5      | Reached skill level 5 in Unarmed Combat
  4394 | D:5      | Reached skill level 1 in Ice Magic
  4412 | D:5      | Reached XP level 8. HP: 52/66 MP: 15/17
  4580 | D:5      | Got Sif Muna's Book of Scree
  4649 | D:6      | Noticed Maggie
  4763 | D:6      | Killed Maggie
  4764 | D:6      | Reached skill level 5 in Fighting
  5595 | D:6      | Noticed Prince Ribbit
  5603 | D:6      | Killed Prince Ribbit
  5604 | D:6      | Reached skill level 6 in Unarmed Combat
  6415 | D:6      | Learned a level 5 spell: Blade Hands
  6698 | D:7      | Gained mutation: You have large cloven feet. [potion of
                  | mutation]
  6698 | D:7      | Gained mutation: You do not regenerate when monsters are
                  | visible. [potion of mutation]
  6698 | D:7      | Gained mutation: Armour fits poorly on your strangely
                  | shaped body. [potion of mutation]
  6698 | D:7      | HP: 4/102 [poisoned by a water moccasin]
  7250 | D:7      | Reached XP level 9. HP: 51/72 MP: 18/18
  7394 | D:7      | Reached skill level 7 in Unarmed Combat
  8498 | D:8      | Noticed a two-headed ogre
  8899 | D:8      | Found a staircase to the Lair.
  9126 | D:8      | Reached skill level 5 in Spellcasting
  9423 | D:8      | Killed a two-headed ogre
  9892 | D:8      | Reached XP level 10. HP: 49/81 MP: 21/21
 10131 | D:8      | Found Urphoase's Assorted Antiques.
 10149 | D:8      | Bought a glowing sling for 121 gold pieces
 10149 | D:8      | Bought a scroll of identify for 54 gold pieces
 10149 | D:8      | Bought a scroll of identify for 54 gold pieces
 10154 | D:8      | Noticed a two-headed ogre
 10338 | D:8      | Killed a two-headed ogre
 10339 | D:8      | Reached skill level 8 in Unarmed Combat
 10639 | Lair:1   | Entered Level 1 of the Lair of Beasts
 10680 | Lair:1   | Noticed a black mamba
 10686 | Lair:1   | Killed a black mamba
 11264 | Lair:1   | Reached skill level 9 in Unarmed Combat
 11504 | Lair:1   | Learned a level 3 spell: Ozocubu's Armour
 11994 | Lair:2   | Noticed a four-headed hydra
 12025 | Lair:2   | Killed a four-headed hydra
 12220 | Lair:2   | Reached skill level 10 in Unarmed Combat
 12445 | Lair:2   | Reached XP level 11. HP: 30/89 MP: 22/22
 12451 | Lair:2   | HP: 3/89 [rime drake/icy flash freeze (15)]
 12463 | Lair:2   | HP: 4/91 [bullfrog (2)]
 13030 | Lair:2   | Noticed a pharaoh ant
 13031 | Lair:2   | Found a hole to the Spider Nest.
 13036 | Lair:2   | Killed a pharaoh ant
 13798 | Lair:1   | Upgraded the game from 0.30-a0-1123-gabc949cf19 to
                  | 0.30-a0-1124-g6e8f0f562f
 13916 | D:8      | Bought a scroll labelled DUBISHODER for 27 gold pieces
 14369 | Lair:3   | Reached skill level 11 in Unarmed Combat
 14380 | Lair:3   | Reached skill level 5 in Ice Magic
 14704 | Lair:3   | Found a staircase to the Swamp.
 14705 | Lair:3   | Noticed a bog body
 14714 | Lair:3   | Killed a bog body
 14774 | Lair:3   | Reached skill level 5 in Dodging
 16076 | Lair:4   | Mangled by a yak

Illustrated notes

Levels and vault maps discovered:
D:1:      shiori_angband_town, layout_rooms, minivault_14
D:2:      layout_rooms
D:3:      layout_loops_cross, vehumet_crystals,
          dilly_ecumenical_altar_fadedgnrine
D:4:      layout_rooms, nicolae_uskayaw_suspiria, uniq_pikel
D:5:      layout_cave_pools, kennysheep_little_box, led_sif_book,
          nicolae_ashenzari_panopticon, bloody_trog,
          minmay_temple_entry_stoned_glass, kennysheep_potato,
          uniq_crazy_yiuf_cottage, uniq_sigmund
D:6:      layout_basic, zin_statuary, ebering_dispersal_statue_hall,
          grunt_ministairs_7, uniq_maggie, uniq_prince_ribbit1
D:7:      layout_basic
D:8:      layout_loops_ring, mainiacjoe_overflow_concentric_impassable,
          lair_entry_dummy, serial_shops, nicolae_diamond_shop
Temple:   grunt_temple_mini_profane
Lair:1:   layout_cave_pods
Lair:2:   layout_regular_city, nicolae_spider_entry_lesser_pyramids,
          amcnicky_mini_pool_medium, grunt_megastairs_3
Lair:3:   layout_cave_pods, skrybe_swamp_entry_bodies
Lair:4:   layout_cave_pods, nicolae_lair_run_with_the_wolves

Skill      XL: |  1  2  3  4  5  6  7  8  9 10 11 |
---------------+----------------------------------+-----
Fighting       | 1 2 3 4 5 6 7 |  7.0
Unarmed Combat | 3 4 5 6 7 10 11 | 11.7
Dodging        | 2 3 6 |  6.0
Spellcasting   | 2 3 4 5 |  5.0
Transmutations | 2 3 5 6 8 9 |  9.0
Poison Magic   | 1 |  1.0
Ice Magic      | 2 3 4 5 |  5.0

Action                     |  1- 3 |  4- 6 |  7- 9 | 10-12 || total
---------------------------+-------+-------+-------+-------++-------
  Melee: Unarmed           |   127 |    35 |   295 |   207 ||   664
         Kick              |    25 |     3 |     8 |       ||    36
         Headbutt          |    19 |     4 |     6 |       ||    29
         Punch             |     4 |     1 |       |    12 ||    17
   Cast: Beastly Appendage |    33 |     1 |     6 |       ||    40
         Spider Form       |     7 |     5 |    39 |     2 ||    53
         Ice Form          |       |       |     8 |     5 ||    13
         Blade Hands       |       |       |     1 |    35 ||    36
         Ozocubu's Armour  |       |       |       |    22 ||    22
Ability: End Transformatio |       |       |     6 |     9 ||    15
  Evoke: Wand              |       |       |     3 |       ||     3
    Use: Scroll            |       |       |     7 |     5 ||    12
         Potion            |       |       |    11 |     1 ||    12
   Stab: Sleeping          |     2 |       |     2 |       ||     4
 Armour: Robe              |    11 |     1 |     1 |       ||    13
         Skin              |     1 |       |    29 |     2 ||    32
         Swamp dragon scal |       |       |    11 |    35 ||    46
  Dodge: Dodged            |    61 |    41 |   247 |    92 ||   441

Table legend: (Time is in decaauts)
 A = Elapsed time spent in this place.
 B = Non-inter-level travel time spent in this place.
 C = Inter-level travel time spent in this place.
 D = Time resting spent in this place.
 E = Time spent auto-exploring this place.
 F = Levels seen in this place.
 G = Mean time per level.
                   A        B        C        D        E       F      G
               +--------+--------+--------+--------+--------+-----+--------+
         Total |  16019 |  14219 |   1800 |   5329 |   4787 |  13 | 1232.2 |
       Dungeon |  10793 |   9571 |   1222 |   3809 |   3311 |   8 | 1349.1 |
        Temple |     39 |     35 |      4 |      0 |      0 |   1 |   39.0 |
          Lair |   5185 |   4611 |    574 |   1520 |   1476 |   4 | 1296.2 |
               +--------+--------+--------+--------+--------+-----+--------+

Top non-repeatable levels by time:
     D:7: 2638 daAuts
     D:5: 2030 daAuts
  Lair:2: 1724 daAuts
  Lair:3: 1548 daAuts
  Lair:1: 1513 daAuts
     D:8: 1324 daAuts
     D:3: 1324 daAuts
     D:6: 1260 daAuts
     D:4: 940 daAuts
     D:1: 699 daAuts
     D:2: 576 daAuts
  Lair:4: 399 daAuts
  Temple: 39 daAuts
